 Dungeon Crawl Stone Soup version 0.19.0-19-g8c6edcc (webtiles) character file.

7229 aggelon the Archer (level 10, -14/83 HPs)
             Began as a Minotaur Fighter on Nov 12, 2016.
             Was an Elder of Okawaru.
             Demolished by a satyr (32 damage)
             ... on level 1 of the Lair of Beasts on Nov 13, 2016.
             The game lasted 01:21:14 (8814 turns).

aggelon the Archer (Minotaur Fighter)               Turns: 8814, Time: 01:21:14

Health: -14/83     AC: 20    Str: 22    XL:     10   Next: 88%
Magic:  7/9        EV: 10    Int:  8    God:    Okawaru [****..]
Gold:   375        SH:  0    Dex: 12    Spells: 1 memorised, 6 levels left

rFire  . . .     SeeInvis .     a - +5 flail
rCold  . . .     Gourm    .     r - +3 chain mail {rPois}
rNeg   . . .     Faith    .     (no shield)
rPois  +         Spirit   .     (helmet restricted)
rElec  .         Reflect  .     l - +2 cloak
rCorr  .         Harm     .     i - +2 pair of gloves
MR     +....                    (no boots)
Stlth  ..........               G - amulet of rage
                                p - ring of protection from magic
                                g - +3 ring of intelligence

@: heroism
A: retaliatory headbutt, horns 2
a: Heroism, Renounce Religion, Evoke Berserk Rage


You were on level 1 of the Lair of Beasts.
You worshipped Okawaru.
Okawaru was greatly pleased with you.
You were hungry.

You visited 3 branches of the dungeon, and saw 11 of its levels.

You collected 375 gold pieces.

Inventory:

Hand Weapons
 a - a +5 flail (weapon)
 b - a +0 shortbow
 C - a +4 flail of freezing
Missiles
 n - 156 arrows
Armour
 c - a +0 shield
 i - a +2 pair of gloves (worn)
 l - a +2 cloak (worn)
 r - a +3 chain mail of poison resistance (worn)
 z - a +0 scale mail
Jewellery
 g - a +3 ring of intelligence (left hand)
 h - an uncursed ring of resist corrosion
 o - a +5 ring of protection {unknown}
 p - a ring of protection from magic (right hand)
 q - an uncursed ring of positive energy {unknown}
 u - an uncursed amulet of harm
 A - an uncursed ring of poison resistance {unknown}
 G - an amulet of rage (around neck)
Wands
 e - a wand of random effects (29/48)
 j - a wand of iceblast (10/15)
 s - a wand of flame (19/48)
 v - a wand of flame (29/48)
 x - a wand of teleportation (9/9)
 y - a wand of lightning (10/15)
 F - a wand of lightning (12/15)
 I - a wand of polymorph (9/24)
Scrolls
 m - 4 scrolls of remove curse
 H - a scroll of teleportation
 J - a scroll of amnesia
 M - 3 scrolls of recharging
Potions
 d - 4 potions of might
 t - 4 potions of brilliance
 B - 2 potions of berserk rage
 K - a potion of agility
 L - a potion of heal wounds
Books
 w - a book of Necromancy

   Spells                             Type                      Level
   a - Pain                           Necromancy                   1
   b - Animate Skeleton               Necromancy                   1
   c - Vampiric Draining              Necromancy                   3
   d - Regeneration                   Charms/Necromancy            3
   e - Animate Dead                   Necromancy                   4
   f - Control Undead                 Necromancy                   4
 E - a book of Frost

   Spells                             Type                      Level
   a - Freeze                         Ice                          1
   b - Throw Frost                    Conjuration/Ice              2
   c - Ozocubu's Armour               Charms/Ice                   3
   d - Throw Icicle                   Conjuration/Ice              4
   e - Summon Ice Beast               Ice/Summoning                4
Comestibles
 f - 4 bread rations
 k - 4 meat rations
 D - a beef jerky


   Skills:
 - Level 6.1(11.1) Fighting
 - Level 11.4(16.4) Maces & Flails
 * Level 13.2(18.2) Bows
 - Level 3.6(8.6) Armour
 - Level 3.6(8.6) Shields
 * Level 2.7 Necromancy


You had 6 spell levels left.
You knew the following spells:

 Your Spells              Type           Power        Failure   Level  Hunger
a - Regeneration          Chrm/Necr      #.........   100%        3    ####...


Dungeon Overview and Level Annotations

Branches:
Dungeon (9/15)             Temple (1/1) D:4            Lair (1/6) D:9
    Orc: D:9-12

Altars:
Cheibriados
Dithmenos
Elyvilon
Fedhas
Kikubaaqudgha
Nemelex Xobeh
Okawaru
Ru
Sif Muna
Trog
Uskayaw

Shops:
D:6 :


Innate Abilities, Weirdness & Mutations

You reflexively headbutt those who attack you in melee.
You have a pair of horns on your head.


Message History

The five-headed hydra is moderately wounded.
You barely miss the five-headed hydra. You headbutt the five-headed hydra!
The five-headed hydra is moderately wounded.
The five-headed hydra bites you but does no damage.
The five-headed hydra bites you. x2; The five-headed hydra bites you!
* * * LOW HITPOINT WARNING * * *
The five-headed hydra bites you but does no damage.
Zapping:
I - a wand of polymorph (will waste charges)
Press: ? - help, Shift-Dir - straight line, f/p - five-headed hydra
Aim: a five-headed hydra (moderately wounded, chance to defeat MR: 15%)
The five-headed hydra evaporates and reforms as a satyr!
Evoking this partially-identified wand wasted a few charges.
Press: ? - help, v - describe, . - travel
Here: a satyr The floor.
You closely miss the satyr.
The satyr plays a lulling melody on his pipes!
You fall asleep.
The satyr hits you!!
You wake up.
You die...

##...# #....##
#.....##
#..#P..##
#.P##...##
##.####...##
#..#
###..#########
##..#
##[........###.
.#..##
#.....@c......
..^..#
##...###......
.....# #####
..... ......#
...( .......#
... #####..# ..
...# . .### .#


You could see a satyr.

Vanquished Creatures
  Joseph (D:8)
  A troll (D:9)
  A two-headed ogre (D:7)
  Grinder (D:5)
  A hippogriff (D:7)
  9 yaks
  Grum (D:8)
  Menkaure (D:5)
  A water moccasin (Lair:1)
  Duvessa (D:4)
  An orc warrior (D:6)
  An ice beast (D:7)
  3 phantoms
  A sky beast (D:9)
  3 black bears (D:6)
  A hornet zombie (D:7)
  7 wolves
  2 ogres
  3 centaurs
  5 bullfrogs
  Dowan (D:4)
  A wyvern zombie (D:9)
  A scorpion (D:8)
  15 killer bees
  4 wights (D:7)
  An electric eel (D:9)
  A howler monkey (D:7)
  A centaur zombie (D:6)
  A quasit (D:7)
  8 hounds
  3 orc priests
  3 jellies
  Crazy Yiuf (D:5)
  2 bullfrog skeletons
  2 iguanas
  3 orc wizards
  8 worker ants
  A killer bee zombie (D:7)
  2 hound zombies (D:9)
  3 gnolls (D:4)
  6 adders
  An ooze (D:2)
  2 adder zombies
  A dart slug (D:1)
  4 leopard geckos
  16 orcs
  2 ball pythons
  9 giant cockroaches
  8 goblins
  4 hobgoblins
  12 jackals
  9 kobolds
  A quokka (D:5)
  A ball python skeleton (D:4)
  3 bats
  3 frilled lizards
  A leopard gecko zombie (D:8)
  A quokka zombie (D:6)
  4 rats
195 creatures vanquished.

Notes
Turn   | Place    | Note
-------+----------+-------------------------------------------
     0 | D:1      | aggelon the Minotaur Fighter began the quest for the Orb.
     0 | D:1      | Reached XP level 1. HP: 19/19 MP: 0/0
   379 | D:1      | Reached XP level 2. HP: 24/27 MP: 1/1
   594 | D:2      | Reached XP level 3. HP: 31/33 MP: 2/2
  1407 | D:3      | Found a white marble altar of Elyvilon.
  1521 | D:3      | Reached XP level 4. HP: 37/41 MP: 3/3
  1621 | D:3      | Reached skill level 5 in Maces & Flails
  2008 | D:4      | Found a staircase to the Ecumenical Temple.
  2015 | Temple   | Entered the Ecumenical Temple
  2113 | Temple   | Became a worshipper of Warmaster Okawaru
  2203 | D:4      | Reached XP level 5. HP: 44/47 MP: 4/4
  2210 | D:4      | Noticed Duvessa
  2226 | D:4      | Killed Duvessa
  2243 | D:4      | Noticed Dowan
  2250 | D:4      | Killed Dowan
  2250 | D:4      | Reached skill level 5 in Fighting
  2250 | D:4      | Reached XP level 6. HP: 56/56 MP: 5/5
  2513 | D:4      | Found a shadowy altar of Dithmenos.
  2514 | D:4      | Found a blossoming altar of Fedhas.
  2514 | D:4      | Found a deep blue altar of Sif Muna.
  2515 | D:4      | Found a sparkling altar of Nemelex Xobeh.
  2579 | D:4      | Reached * piety under Okawaru
  2728 | D:4      | Reached XP level 7. HP: 56/61 MP: 6/6
  2961 | D:5      | Entered Level 5 of the Dungeon
  2961 | D:5      | Noticed Menkaure
  2966 | D:5      | Killed Menkaure
  3257 | D:5      | Noticed Grinder
  3263 | D:5      | Killed Grinder
  3263 | D:5      | Reached skill level 10 in Maces & Flails
  3581 | D:5      | Found a runed door.
  3585 | D:5      | Noticed Crazy Yiuf
  3589 | D:5      | Killed Crazy Yiuf
  3734 | D:6      | Reached XP level 8. HP: 53/70 MP: 7/7
  4232 | D:6      | Reached ** piety under Okawaru
  4232 | D:6      | Reached skill level 2 in Bows
  4443 | D:6      | Found Caileuxi's Book Shoppe.
  4551 | D:6      | Reached skill level 3 in Bows
  4644 | D:7      | Reached skill level 4 in Bows
  4652 | D:7      | Noticed a hippogriff
  4661 | D:7      | Killed a hippogriff
  4661 | D:7      | Reached skill level 5 in Bows
  4957 | D:7      | Reached XP level 9. HP: 75/75 MP: 8/8
  5015 | D:7      | Reached skill level 6 in Bows
  5065 | D:7      | Reached skill level 7 in Bows
  5067 | D:7      | Reached *** piety under Okawaru
  5078 | D:7      | Reached skill level 8 in Bows
  5097 | D:7      | Reached skill level 9 in Bows
  5424 | D:7      | Learned a level 3 spell: Regeneration
  5756 | D:8      | Noticed Joseph
  5760 | D:8      | Noticed Grum
  5913 | D:7      | Reached skill level 10 in Bows
  5913 | D:7      | Reached skill level 1 in Necromancy
  6378 | D:7      | Reached XP level 10. HP: 61/83 MP: 9/9
  6590 | D:8      | Killed Joseph
  6590 | D:8      | Received a gift from Okawaru
  6590 | D:8      | Reached skill level 11 in Bows
  6821 | D:8      | Killed Grum
  6821 | D:8      | Reached **** piety under Okawaru
  7062 | D:8      | Received a gift from Okawaru
  7137 | D:8      | Found a bloodstained altar of Trog.
  7591 | D:9      | Received a gift from Okawaru
  7612 | D:9      | Reached skill level 12 in Bows
  7978 | D:9      | Found a staircase to the Lair.
  8278 | D:9      | Reached skill level 13 in Bows
  8721 | Lair:1   | Entered Level 1 of the Lair of Beasts
  8802 | Lair:1   | Noticed a five-headed hydra
  8812 | Lair:1   | Noticed a satyr
  8812 | Lair:1   | a five-headed hydra changed into a satyr
  8814 | Lair:1   | Demolished by a satyr

Skill      XL: |  1  2  3  4  5  6  7  8  9 10 |
---------------+-------------------------------+-----
Fighting       | 4 5 6 |  6.1
Maces & Flails | 3 4 5 7 8 10 11 | 11.4
Bows           | 5 10 13 | 13.2
Necromancy     | 1 2 |  2.7
Armour         | |  3.6
Shields        | |  3.6

Action                   |  1- 3 |  4- 6 |  7- 9 | 10-12 || total
-------------------------+-------+-------+-------+-------++-------
Melee: Flail             |    91 |    96 |   225 |   246 ||   658
       Headbutt          |     8 |    17 |    48 |    48 ||   121
       Punch             |       |       |       |     2 ||     2
 Fire: Shortbow          |       |       |    61 |     4 ||    65
Invok: Heroism           |       |       |    10 |    10 ||    20
Evoke: Wand              |       |       |       |     1 ||     1
  Use: Scroll            |    10 |     2 |     8 |     4 ||    24
       Potion            |     2 |     2 |     5 |     1 ||    10
  Eat: Chunk             |     2 |     4 |     8 |     6 ||    20
       Meat ration       |       |       |     1 |       ||     1
Armor: Scale mail        |    35 |    16 |       |       ||    51
       Chain mail        |       |    13 |   123 |   150 ||   286
Dodge: Dodged            |    28 |    15 |    73 |    96 ||   212
Block: Shield            |    38 |    44 |    20 |       ||   102
